 Dungeon Crawl Stone Soup version 0.29.1-15-g9cfb28693d (webtiles) character file.

Game seed: 3209702183628484541

67 fleeber the Slasher (level 4, -4/33 HPs)
             Began as a Merfolk Gladiator on Mar 4, 2023.
             Slain by Terence
             ... wielding a +0 mace
              (9 damage)
             ... on level 3 of the Dungeon.
             The game lasted 00:03:46 (1914 turns).

fleeber the Slasher (Merfolk Gladiator)             Turns: 1914, Time: 00:03:46

Health: -4/33      AC:  7    Str: 14    XL:     4   Next: 18%
Magic:  4/4        EV: 13    Int:  7    God:
Gold:   187        SH:  0    Dex: 17    Spells: 3/3 levels left

rFire   . . .      SeeInvis +   a - +0 long sword
rCold   + . .      Faith    .   (no shield)
rNeg    . . .      Spirit   .   b - +0 leather armour
rPois   .          Reflect  .   c - +0 helmet
rElec   .          Harm     .   m - +1 cloak
rCorr   .          Rampage  .   k - +0 pair of gloves
Will    .....                   (no boots)
Stlth   +.........              (no amulet)
HPRegen 0.11/turn               g - ring of see invisible
MPRegen 0.09/turn               l - ring of protection from cold

@: no status effects
A: (nimble swimmer 2), mertail
a: no special abilities


You were on level 3 of the Dungeon.
You visited 1 branch of the dungeon, and saw 3 of its levels.

You collected 187 gold pieces.

Inventory:

Hand Weapons
 a - a +0 long sword (weapon)
Missiles
 d - 2 throwing nets
 e - a javelin
 p - 21 stones
 q - 3 datura-tipped darts (quivered)
Armour
 b - a +0 leather armour (worn)
 c - a +0 helmet (worn)
 k - a +0 pair of gloves (worn)
 m - a +1 cloak (worn)
Jewellery
 g - a ring of see invisible (left hand)
 l - a ring of protection from cold (right hand)
Scrolls
 f - 2 scrolls of fear {unknown}
 h - 2 scrolls of teleportation {unknown}
 i - 3 scrolls of identify {unknown}
 j - a scroll of fog {unknown}
 o - a scroll of immolation {unknown}
 r - a scroll of amnesia {unknown}
Potions
 n - 2 potions of ambrosia {unknown}
 s - a potion of heal wounds {unknown}
 t - 2 potions of curing {unknown}
 u - a potion of brilliance {unknown}


   Skills:
 - Level 2.1 Fighting
 + Level 5.9 Long Blades
 - Level 2.0 Throwing
 - Level 4.0 Dodging


You had 3 spell levels left.
You didn't know any spells.
Your spell library contained the following spells:

 Spells                   Type           Power      Damage    Failure   Level
 Animate Dead             Necr           0%         N/A       99%         4
 Borgnjor's Vile Clutch   Necr/Erth      0%         N/A       100%        5
 Death Channel            Necr           0%         N/A       100%        6


Dungeon Overview and Level Annotations

Branches:
Dungeon (3/15)

Altars:
Zin

Annotations:
D:3 Terence


Innate Abilities, Weirdness & Mutations

((You are very nimble when in or above water. (Stealth+, EV+, Speed+++)))
Your lower body shifts to a powerful aquatic tail in water.


Message History

You now have 187 gold pieces (gained 2).
Found a stone staircase leading up.
Terence the Incautious comes into view.
He is wielding a +0 mace.
Throw: 5 darts (datura)
Press: ? - help, Q - select action, (/) - cycle Shift-Dir - straight line, f - Terence
Aim: Terence, wielding a +0 mace and wearing a +0 scale mail (65% to hit, chance to frenzy on hit: 100%)
You throw a datura-tipped dart.
The datura-tipped dart barely misses Terence.
Throw: 4 darts (datura)
Press: ? - help, Q - select action, (/) - cycle Shift-Dir - straight line, f/p - Terence
Aim: Terence, wielding a +0 mace and wearing a +0 scale mail (65% to hit, chance to frenzy on hit: 100%)
You throw a datura-tipped dart. The datura-tipped dart hits Terence.
Terence flies into a frenzy!
Terence shouts!
Terence barely misses you. Terence closely misses you.
You hit Terence but do no damage. You punch Terence, but do no damage.
Terence closely misses you.
You hit Terence but do no damage. Terence hits you with a +0 mace.
Terence barely misses you.
You slash Terence!
Terence is heavily wounded.
Terence closely misses you. Terence hits you with a +0 mace!
You hit Terence but do no damage.
Terence is moderately wounded.
Terence misses you. Terence hits you with a +0 mace.
You hit Terence.
Terence is heavily wounded.
Terence hits you with a +0 mace! Terence hits you but does no damage.
You hit Terence but do no damage.
Terence is heavily wounded.
Terence closely misses you.
You hit Terence but do no damage.
Terence is heavily wounded.
Terence hits you with a +0 mace!
* * * LOW HITPOINT WARNING * * *
Terence barely misses you.
You barely miss Terence.
Terence is heavily wounded.
Terence hits you with a +0 mace!
You die...

#. ##..# # #...####
#..###.. #..# #.#
#..# #.# #..# #.#
#..###.####
###.....<...####
#..........@.......
####.....##@##.####
............(....#
###.....##.##.##..
#.....##.. .(
#####..... ##
#######


You could see the neutral Terence (fast, strong, insane).

Vanquished Creatures
  An adder (D:2)
  A dart slug (D:1)
  3 ball pythons
  3 endoplasms
  4 giant cockroaches
  3 goblins
  2 hobgoblins (D:2)
  15 jackals
  3 quokkas (D:2)
  6 frilled lizards
  2 kobolds
  6 rats
  A spectral hobgoblin (D:3)
50 creatures vanquished.

Notes
Turn   | Place    | Note
-------+----------+-------------------------------------------
     0 | D:1      | fleeber the Merfolk Gladiator began the quest for the Orb.
     0 | D:1      | Reached XP level 1. HP: 16/16 MP: 1/1
   153 | D:1      | Reached skill level 4 in Long Blades
   159 | D:1      | Reached XP level 2. HP: 8/22 MP: 2/2
   824 | D:1      | Reached XP level 3. HP: 24/27 MP: 3/3
   875 | D:1      | Reached skill level 5 in Long Blades
  1680 | D:3      | Found a glowing silver altar of Zin.
  1731 | D:3      | Found a faded altar of an unknown god.
  1782 | D:3      | Reached XP level 4. HP: 33/33 MP: 4/4
  1901 | D:3      | Noticed Terence
  1914 | D:3      | Slain by Terence

Illustrated notes

Levels and vault maps discovered:
D:1:      mrwooster_arrival_arrow, layout_rooms, kennysheep_pointless_box
D:2:      layout_loops_cross
D:3:      layout_loops_ring, amcnicky_altar_gilded,
          nicolae_overflow_crystal_walls,
          dreamdust_ecumenical_altar_drowned_temple,
          chequers_serial_rivers_micro_c, uniq_terence

Skill      XL: |  1  2  3 |
---------------+----------+-----
Long Blades    | 4 5 |  5.9
Fighting       | |  2.1
Throwing       | |  2.0
Dodging        | |  4.0

Action                   |  1- 3 |  4- 6 || total
-------------------------+-------+-------++-------
Melee: Long sword        |   116 |    29 ||   145
       Punch             |       |     1 ||     1
Throw: Throwing net      |     1 |       ||     1
       Dart              |       |     2 ||     2
Armor: Leather armour    |    35 |     8 ||    43
Dodge: Dodged            |   108 |    20 ||   128
